AoeStats
← beneath mariana

Team Islands

503701812Analyzed
4v4 RM · 1mo ago on Sep 1, 2026· 69m 42s· 8 players
Game mode
Random Map
Map size
242×242
Population
200
Speed
Normal
Resources
Standard
Victory
Conquest
Starting age
Dark Age
Ending age
Imperial Age
RankedLock teamsTeams togetherTeam positionsShared explorationLock speedFull tech treeHidden civsTurbo modeCheats
Victory
Defeat
🇨🇳 Malay · China
1455
+14
🇺🇸 Vikings · United States
1443
+14
🇪🇸 Byzantines · Spain
1422
+15
🇧🇷 Huns · Brazil
1403
+16
🇦🇷 Dravidians · Argentina
1448
-17
🇦🇷 Poles · Argentina
1420
-16
🇵🇪 Wu · Peru
1401
-15
🇦🇷 Italians · Argentina
1372
-13
wilkerbrice12
4:40 Loom
10:29 Feudal Age
11:36 Double-Bit Axe
11:58 Fishing Lines
17:48 Wheelbarrow
19:15 Fletching
30:18 Castle Age
29:23 Padded Archer Armor
29:38 Horse Collar
29:51 Gold Mining
29:51 Stone Mining
31:27 Medium Warships
30:53 Crossbowman
31:45 Bodkin Arrow
33:32 Squires
35:47 Thumb Ring
42:50 Imperial Age
40:12 Gillnets
40:32 Murder Holes
40:58 Ballistics
41:05 Careening
41:09 Clinker Construction
41:06 Siphons
41:21 Bow Saw
42:28 Elite Skirmisher
43:26 Leather Archer Armor
46:19 Ring Archer Armor
47:20 Heavy Warships
47:12 Bracer
48:23 Chemistry
48:27 Demolition Ship
50:57 Heavy Plow
51:26 Conscription
50:54 Arbalester
52:34 Hand Cart
52:58 Gillnets
53:40 Crop Rotation
55:29 Treadmill Crane
56:10 Dry Dock
57:13 Pikeman
57:38 Gambesons
57:39 Arson
57:57 Scale Mail Armor
58:10 Forging
60:36 Chain Mail Armor
60:56 Iron Casting
62:50 Hoardings
62:13 Halberdier
64:38 Caravan
64:59 Guilds
65:20 Coinage
66:15 Carvel Hull
66:16 Shipwright
65:46 Arrowslits
67:32 Bombard Tower
UsK_Apocalipce
7:35 Loom
10:42 Feudal Age
11:35 Double-Bit Axe
19:55 Fletching
23:45 Castle Age
24:29 Bodkin Arrow
23:55 Crossbowman
33:12 Wheelbarrow
37:14 Imperial Age
38:27 Bow Saw
37:59 Horse Collar
38:22 Bracer
38:21 Capped Ram
39:23 Hand Cart
40:04 Scale Barding Armor
41:06 Chain Barding Armor
42:48 Plate Barding Armor
42:35 Heavy Plow
43:36 Two-Man Saw
43:03 Conscription
43:12 Caravan
43:29 Forging
45:44 Chemistry
45:10 Padded Archer Armor
46:19 Ballistics
46:17 Light Cavalry
48:20 Leather Archer Armor
48:42 Iron Casting
48:06 Murder Holes
49:13 Bloodlines
48:57 Hussar
49:40 Husbandry
50:08 Parthian Tactics
50:04 Town Watch
51:21 Blast Furnace
50:53 Cavalier
55:07 Thumb Ring
56:00 Siege Ram
66:02 Masonry
65:16 Paladin
68:27 Heavy Cavalry Archer
beneath mariana
12:55 Feudal Age
12:41 Double-Bit Axe
15:13 Fletching
17:01 Wheelbarrow
17:54 Loom
20:25 Castle Age
18:45 Gold Mining
18:45 Stone Mining
19:10 Forging
20:50 Medium Warships
21:55 Bodkin Arrow
23:09 Stone Mining
26:09 Thalassocracy
29:51 Fishing Lines
31:49 Ballistics
31:10 Treadmill Crane
31:35 Gillnets
33:43 Bow Saw
34:41 Heated Shot
37:54 Clinker Construction
38:23 Careening
38:56 Iron Casting
39:41 Gold Shaft Mining
40:06 Horse Collar
40:58 Masonry
40:44 Murder Holes
44:19 Imperial Age
43:44 Bracer
44:18 Heavy Warships
46:35 Blast Furnace
49:01 Chemistry
48:24 Carvel Hull
48:25 Dry Dock
49:09 Shipwright
49:49 Conscription
51:30 Carvel Hull
51:32 Dry Dock
52:03 Siphons
52:17 Elite Cannon Galleon
53:53 Guilds
56:30 Hand Cart
56:20 Caravan
61:10 Demolition Ship
63:17 Pikeman
63:57 Squires
65:38 Siege Engineers
Fs.Caboclo
11:57 Feudal Age
10:14 Loom
15:35 Castle Age
14:55 Double-Bit Axe
17:28 Bow Saw
17:20 Fletching
19:43 Gold Mining
21:37 Bodkin Arrow
26:15 Gold Shaft Mining
29:23 Forging
31:56 Imperial Age
33:19 Conscription
35:28 Horse Collar
35:40 Stone Mining
36:35 Scale Mail Armor
38:15 Iron Casting
39:52 Two-Man Saw
38:54 Heavy Plow
40:26 Blast Furnace
41:37 Elite Longship
42:19 Bracer
43:43 Chemistry
43:04 Ballistics
43:11 Masonry
43:28 Padded Archer Armor
44:00 Clinker Construction
44:01 Careening
45:03 Leather Archer Armor
44:54 Scale Barding Armor
46:22 Chain Mail Armor
45:28 Elite Berserk
49:24 Ring Archer Armor
49:52 Plate Mail Armor
50:24 Bogsveigar
50:19 Capped Ram
54:33 Siphons
54:41 Siege Ram
56:31 Elite Cannon Galleon
59:09 Medium Warships
60:06 Medium Warships
60:01 Pikeman
60:48 Scale Barding Armor
62:09 Caravan
62:48 Coinage
63:00 Heavy Warships
66:31 Banking
69:33 Dry Dock
gg_noteam
4:04 Loom
10:47 Feudal Age
11:16 Double-Bit Axe
12:38 Town Watch
14:05 Man-at-Arms
19:50 Fletching
20:01 Scale Mail Armor
25:00 Castle Age
24:07 Padded Archer Armor
24:17 Forging
25:14 Gold Mining
25:11 Horse Collar
25:23 Arson
29:25 Squires
29:46 Heavy Plow
37:00 Wheelbarrow
38:04 Chain Mail Armor
38:24 Iron Casting
39:34 Hand Cart
42:24 Imperial Age
40:17 Bow Saw
40:47 Gold Shaft Mining
40:02 Stone Mining
41:46 Red Cliffs Tactics
43:28 Chain Mail Armor
43:49 Iron Casting
43:56 Long Swordsman
46:11 Plate Mail Armor
47:50 Conscription
47:54 Pikeman
50:16 Scale Barding Armor
51:11 Blast Furnace
50:10 Bodkin Arrow
52:09 Halberdier
54:16 Bracer
56:15 Caravan
Leandro Pared10s
6:31 Loom
9:27 Feudal Age
10:30 Double-Bit Axe
12:34 Fletching
18:02 Castle Age
16:58 Gold Mining
18:56 Medium Warships
18:42 Bodkin Arrow
20:06 Bow Saw
21:34 Ballistics
21:54 Clinker Construction
23:39 Wheelbarrow
23:29 Fishing Lines
24:16 Horse Collar
25:10 Careening
25:35 Town Watch
29:14 Stone Mining
30:24 Hand Cart
33:43 Imperial Age
32:50 Gillnets
34:02 Padded Archer Armor
35:26 Chemistry
35:17 Heavy Warships
35:26 Bracer
37:11 Two-Man Saw
36:59 Heavy Plow
38:28 Leather Archer Armor
37:40 Elite Elephant Archer
39:49 Thumb Ring
40:24 Devotion
40:57 Ring Archer Armor
41:59 Masonry
41:44 Murder Holes
42:11 Shipwright
42:17 Carvel Hull
43:01 Dry Dock
45:17 Shipwright
47:18 Conscription
47:33 Hoardings
47:24 Wootz Steel
49:38 Coinage
55:30 Banking
55:10 Guilds
Speaker
10:19 Feudal Age
8:36 Loom
11:14 Double-Bit Axe
14:05 Loom
16:08 Fletching
19:01 Castle Age
17:16 Town Watch
19:52 Medium Warships
21:39 Wheelbarrow
22:03 Bow Saw
21:47 Gold Mining
24:37 Ballistics
25:28 Bodkin Arrow
26:05 Clinker Construction
28:07 Padded Archer Armor
28:56 Fishing Lines
32:04 Careening
34:38 Horse Collar
40:08 Imperial Age
39:21 Stone Mining
41:15 Shipwright
40:38 Demolition Ship
41:47 Heavy Warships
42:07 Siphons
42:25 Carvel Hull
43:07 Chemistry
42:58 Carvel Hull
43:22 Bracer
44:46 Treadmill Crane
45:26 Dry Dock
45:42 Guard Tower
50:30 Masonry
52:59 Leather Archer Armor
53:56 Two-Man Saw
53:53 Conscription
54:40 Caravan
PIPO GOROSITO
5:04 Loom
9:46 Feudal Age
16:08 Fletching
22:26 Scale Barding Armor
29:17 Castle Age
27:48 Double-Bit Axe
30:06 Bloodlines
31:49 Chain Barding Armor
31:40 Forging
32:09 Horse Collar
34:09 Iron Casting
34:45 Bow Saw
40:51 Wheelbarrow
43:55 Imperial Age
42:18 Heavy Plow
42:51 Husbandry
44:16 Cavalier
48:04 Hand Cart
53:12 Crop Rotation
54:06 Blast Furnace
55:33 Fishing Lines
66:46 Szlachta Privileges
Connection lost

Rejoining the realm…

Still unreachable

The connection could not be restored.

Session expired

The server has moved on; the page needs a fresh start.